TOP OF THE 1ST |
Fresno State University Bulldogs batting - Pitching for University of North Carolina at Chapel Hill Tar Heels : RHP Isaiah Irving
|
Pitching: RHP Isaiah Irving
|
|
Batting: RHB Sinfronio Carreon
|
0-0: Called Strike 0-1: Swinging Strike 0-2: Foul Ball, location: 2F 0-2: Ball 1-2: Ball 2-2: Ball 3-2: Base on Balls
|
Batting: LHB Ollie Strauss
|
0-0: Ball 1-0: Ball 2-0: Called Strike 2-1: Foul Ball, location: 2F 2-2: Ball 3-2: Strikes out swinging
|
Batting: SHB Carlton Stannard
|
0-0: Ball 1-0: Called Strike 1-1: Ball 2-1: Swinging Strike 2-2: Strikes out swinging
|
Batting: RHB Sandy Munoz
|
0-0: Swinging Strike Sinfronio Carreon steals 2nd base 0-1: Ball 1-1: Foul Ball, location: 2F 1-2: Strikes out swinging
|
Top of the 1st over - 0 runs, 0 hits, 0 errors, 1 left on base; Fresno State University 0 - University of North Carolina at Chapel Hill 0 |
BOTTOM OF THE 1ST |
University of North Carolina at Chapel Hill Tar Heels batting - Pitching for Fresno State University Bulldogs : RHP Alex Rojas
|
Pitching: RHP Alex Rojas
|
|
Batting: SHB Ryan Marsh
|
0-0: Ground out U3 (Groundball, 34, EV 85.0 MPH)
|
Batting: RHB Bill Atley
|
0-0: Called Strike 0-1: Called Strike 0-2: Ground out 6-3 (Groundball, 6M, EV 102.5 MPH)
|
Batting: RHB Jeremy Rollins
|
0-0: Ball 1-0: SINGLE (Flyball, 3D, EV 89.4 MPH)
|
Batting: SHB Jim Saxon
|
0-0: Fly out, F8 (Flyball, 8RM, EV 91.2 MPH)
|
Bottom of the 1st over - 0 runs, 1 hit, 0 errors, 1 left on base; Fresno State University 0 - University of North Carolina at Chapel Hill 0 |
TOP OF THE 2ND |
Fresno State University Bulldogs batting - Pitching for University of North Carolina at Chapel Hill Tar Heels : RHP Isaiah Irving
|
Batting: RHB Danilo Baldia
|
0-0: Ground out 5-3 (Groundball, 5, EV 83.1 MPH)
|
Batting: RHB Tony Nowak
|
0-0: Foul Ball, location: 2F 0-1: SINGLE (Groundball, 56, EV 106.2 MPH) (infield hit)
|
Batting: LHB Moktar Ame
|
0-0: Ball 1-0: Foul Ball, location: 2F 1-1: Ball 2-1: Fly out, F9 (Line Drive, 9LM, EV 93.1 MPH)
|
Batting: RHB Ryan Roberts
|
0-0: Ball 1-0: Ball Tony Nowak steals 2nd base 2-0: 2-RUN HOME RUN (Flyball, 78XD, EV 110.6 MPH), Distance : 430 ft
|
Batting: RHB Greg Meyer
|
0-0: Called Strike 0-1: Swinging Strike 0-2: Strikes out swinging, 2-3 out at first.
|
Top of the 2nd over - 2 runs, 2 hits, 0 errors, 0 left on base; Fresno State University 2 - University of North Carolina at Chapel Hill 0 |
BOTTOM OF THE 2ND |
University of North Carolina at Chapel Hill Tar Heels batting - Pitching for Fresno State University Bulldogs : RHP Alex Rojas
|
Batting: SHB Jonathan Barrie
|
0-0: Ball 1-0: Called Strike 1-1: SINGLE (Flyball, 4MD, EV 92.5 MPH)
|
Batting: RHB Tony Jennings
|
0-0: Called Strike 0-1: Called Strike 0-2: Ball 1-2: Ball 2-2: Grounds into double play, 6-4-3 (Groundball, 6, EV 102.5 MPH)
|
Batting: RHB Brandon Wilson
|
0-0: Ground out 5-3 (Groundball, 56, EV 92.5 MPH)
|
Bottom of the 2nd over - 0 runs, 1 hit, 0 errors, 0 left on base; Fresno State University 2 - University of North Carolina at Chapel Hill 0 |
TOP OF THE 3RD |
Fresno State University Bulldogs batting - Pitching for University of North Carolina at Chapel Hill Tar Heels : RHP Isaiah Irving
|
Batting: RHB Sinfronio Carreon
|
0-0: Called Strike 0-1: Foul Ball, location: 2F 0-2: Strikes out swinging
|
Batting: LHB Ollie Strauss
|
0-0: Called Strike 0-1: Ball 1-1: Called Strike 1-2: SINGLE (Groundball, 34D, EV 94.4 MPH)
|
Batting: SHB Carlton Stannard
|
0-0: Ball 1-0: Swinging Strike 1-1: Ball 2-1: Called Strike 2-2: Ball 3-2: Foul Ball, location: 2F 3-2: Grounds into double play, 6-4-3 (Groundball, 56D, EV 79.4 MPH)
|
Top of the 3rd over - 0 runs, 1 hit, 0 errors, 0 left on base; Fresno State University 2 - University of North Carolina at Chapel Hill 0 |
BOTTOM OF THE 3RD |
University of North Carolina at Chapel Hill Tar Heels batting - Pitching for Fresno State University Bulldogs : RHP Alex Rojas
|
Batting: RHB Michael Houseman
|
0-0: Called Strike 0-1: Swinging Strike 0-2: Strikes out swinging
|
Batting: LHB Juan Alvarado
|
0-0: Swinging Strike 0-1: Swinging Strike 0-2: Strikes out swinging
|
Batting: SHB Ryan Marsh
|
0-0: Ball 1-0: Called Strike 1-1: Called Strike 1-2: Strikes out looking
|
Bottom of the 3rd over - 0 runs, 0 hits, 0 errors, 0 left on base; Fresno State University 2 - University of North Carolina at Chapel Hill 0 |
TOP OF THE 4TH |
Fresno State University Bulldogs batting - Pitching for University of North Carolina at Chapel Hill Tar Heels : RHP Isaiah Irving
|
Batting: RHB Sandy Munoz
|
0-0: Ball 1-0: Ball 2-0: Called Strike 2-1: Fly out, F7 (Flyball, 78S, EV 93.1 MPH)
|
Batting: RHB Danilo Baldia
|
0-0: Ball 1-0: Called Strike 1-1: Fly out, F4 (Popup, 4S, EV 78.1 MPH)
|
Batting: RHB Tony Nowak
|
0-0: Ball 1-0: Called Strike 1-1: SOLO HOME RUN (Flyball, 78XD, EV 113.1 MPH), Distance : 421 ft
|
Batting: LHB Moktar Ame
|
0-0: Ball 1-0: Called Strike 1-1: Ball 2-1: Swinging Strike 2-2: Ball 3-2: Foul Ball, location: 2F 3-2: Base on Balls
|
Batting: RHB Ryan Roberts
|
0-0: Ball 1-0: Foul Ball, location: 2F 1-1: SINGLE (Groundball, 56D, EV 103.1 MPH) Moktar Ame to second
|
Batting: RHB Greg Meyer
|
0-0: Foul Ball, location: 2F 0-1: Called Strike 0-2: Ball 1-2: Fly out, F7 (Flyball, 78M, EV 92.5 MPH)
|
Top of the 4th over - 1 run, 2 hits, 0 errors, 2 left on base; Fresno State University 3 - University of North Carolina at Chapel Hill 0 |
BOTTOM OF THE 4TH |
University of North Carolina at Chapel Hill Tar Heels batting - Pitching for Fresno State University Bulldogs : RHP Alex Rojas
|
Batting: RHB Bill Atley
|
0-0: Ball 1-0: Ground out U3 (Groundball, 3, EV 81.9 MPH)
|
Batting: RHB Jeremy Rollins
|
0-0: Ball 1-0: Called Strike 1-1: Ball 2-1: Ball 3-1: SINGLE (Line Drive, 78S, EV 109.4 MPH)
|
Batting: SHB Jim Saxon
|
0-0: Ball 1-0: Called Strike 1-1: Called Strike 1-2: Ball 2-2: Foul Ball, location: 2F 2-2: Ball 3-2: Base on Balls Jeremy Rollins to second
|
Batting: SHB Jonathan Barrie
|
0-0: DOUBLE (Groundball, 3L, EV 105.0 MPH) Jeremy Rollins scores Jim Saxon to third
|
Batting: RHB Tony Jennings
|
0-0: Called Strike 0-1: Ball 1-1: Foul Ball, location: 2F 1-2: Ground out 6-3 (Groundball, 6, EV 88.8 MPH) Jim Saxon scores
|
Batting: RHB Brandon Wilson
|
0-0: Swinging Strike 0-1: Ball 1-1: Fly out, F7 (Flyball, 7LM, EV 86.2 MPH)
|
Bottom of the 4th over - 2 runs, 2 hits, 0 errors, 1 left on base; Fresno State University 3 - University of North Carolina at Chapel Hill 2 |
TOP OF THE 5TH |
Fresno State University Bulldogs batting - Pitching for University of North Carolina at Chapel Hill Tar Heels : RHP Isaiah Irving
|
Batting: RHB Sinfronio Carreon
|
0-0: Ball 1-0: Ground out 4-3 (Groundball, 4, EV 81.2 MPH)
|
Batting: LHB Ollie Strauss
|
0-0: Called Strike 0-1: Fly out, F5 (Popup, 5F, EV 74.4 MPH)
|
Batting: SHB Carlton Stannard
|
0-0: Swinging Strike 0-1: Called Strike 0-2: Foul Ball, location: 2F 0-2: Strikes out swinging
|
Top of the 5th over - 0 runs, 0 hits, 0 errors, 0 left on base; Fresno State University 3 - University of North Carolina at Chapel Hill 2 |
BOTTOM OF THE 5TH |
University of North Carolina at Chapel Hill Tar Heels batting - Pitching for Fresno State University Bulldogs : RHP Alex Rojas
|
Batting: RHB Michael Houseman
|
0-0: Foul Ball, location: 2F 0-1: Fly out, F8 (Flyball, 89S, EV 83.8 MPH)
|
Batting: LHB Juan Alvarado
|
0-0: Ball 1-0: Called Strike 1-1: Ball 2-1: Ball 3-1: SINGLE (Groundball, 34D, EV 96.9 MPH)
|
Batting: SHB Ryan Marsh
|
0-0: Ball 1-0: Called Strike 1-1: Fielders Choice at 2nd, 4-6 (Groundball, 34, EV 80.0 MPH)
|
Batting: RHB Bill Atley
|
0-0: Ball 1-0: Ground out 4-3 (Groundball, 34, EV 110.0 MPH)
|
Bottom of the 5th over - 0 runs, 1 hit, 0 errors, 1 left on base; Fresno State University 3 - University of North Carolina at Chapel Hill 2 |
TOP OF THE 6TH |
Fresno State University Bulldogs batting - Pitching for University of North Carolina at Chapel Hill Tar Heels : RHP Isaiah Irving
|
Batting: RHB Sandy Munoz
|
0-0: Foul Ball, location: 2F 0-1: Foul Ball, location: 2F 0-2: Ball 1-2: Ball 2-2: Ball 3-2: Foul Ball, location: 2F 3-2: Base on Balls
|
Pitching: LHP Andrew Lowe
|
|
Batting: RHB Danilo Baldia
|
0-0: Fielders Choice at 2nd, 2-4 (Groundball, 2L, EV 66.2 MPH)
|
Batting: RHB Tony Nowak
|
0-0: Ball 1-0: Foul Ball, location: 2F 1-1: Ground out 5-3 (Groundball, 5S, EV 69.4 MPH) Danilo Baldia to second
|
Batting: LHB Moktar Ame
|
0-0: Ball 1-0: Foul Ball, location: 2F 1-1: Foul Ball, location: 2F 1-2: Foul Ball, location: 2F 1-2: Ball 2-2: SINGLE (Flyball, 7, EV 85.6 MPH) Danilo Baldia to third Runner from 3rd tries for Home, SAFE, throw by LF to home Moktar Ame to second
|
Batting: RHB Ryan Roberts
|
0-0: Ball 1-0: Ball 2-0: Called Strike 2-1: Foul Ball, location: 2F 2-2: Fly out, F9 (Flyball, 9, EV 88.1 MPH)
|
Top of the 6th over - 1 run, 1 hit, 0 errors, 1 left on base; Fresno State University 4 - University of North Carolina at Chapel Hill 2 |
BOTTOM OF THE 6TH |
University of North Carolina at Chapel Hill Tar Heels batting - Pitching for Fresno State University Bulldogs : RHP Alex Rojas
|
Batting: RHB Jeremy Rollins
|
0-0: Called Strike 0-1: Ground out 5-3 (Groundball, 56S, EV 85.6 MPH)
|
Batting: SHB Jim Saxon
|
0-0: SINGLE (Groundball, 15S, EV 68.1 MPH) (infield hit)
|
Batting: SHB Jonathan Barrie
|
0-0: Fielders Choice at 2nd, 6-4 (Groundball, 6M, EV 110.6 MPH)
|
Batting: RHB Tony Jennings
|
0-0: Ball 1-0: Called Strike 1-1: Called Strike 1-2: Strikes out swinging
|
Bottom of the 6th over - 0 runs, 1 hit, 0 errors, 1 left on base; Fresno State University 4 - University of North Carolina at Chapel Hill 2 |
TOP OF THE 7TH |
Fresno State University Bulldogs batting - Pitching for University of North Carolina at Chapel Hill Tar Heels : LHP Andrew Lowe
|
Pitching: RHP Didier Pages
|
|
Batting: RHB Greg Meyer
|
0-0: Ball 1-0: Foul Ball, location: 2F 1-1: Foul Ball, location: 2F 1-2: SOLO HOME RUN (Flyball, 7D, EV 100.0 MPH), Distance : 389 ft
|
Batting: RHB Sinfronio Carreon
|
0-0: Ball 1-0: Ball 2-0: Ball 3-0: Base on Balls
|
Batting: LHB Ollie Strauss
|
0-0: Ball 1-0: Foul Ball, location: 2F 1-1: Ball 2-1: Foul Ball, location: 2F 2-2: Strikes out looking
|
Batting: SHB Carlton Stannard
|
0-0: Called Strike 0-1: Ball 1-1: Ball 2-1: 2-RUN HOME RUN (Flyball, 78XD, EV 111.9 MPH), Distance : 436 ft
|
Pitching: RHP Bobby Franco
|
|
Batting: RHB Sandy Munoz
|
0-0: Ball 1-0: Called Strike 1-1: Called Strike 1-2: Ball 2-2: Foul Ball, location: 2F 2-2: Fly out, F8 (Line Drive, 8RM, EV 99.4 MPH)
|
Batting: RHB Danilo Baldia
|
0-0: Swinging Strike 0-1: Called Strike 0-2: Fly out, F7 (Flyball, 78D, EV 82.5 MPH)
|
Top of the 7th over - 3 runs, 2 hits, 0 errors, 0 left on base; Fresno State University 7 - University of North Carolina at Chapel Hill 2 |
BOTTOM OF THE 7TH |
University of North Carolina at Chapel Hill Tar Heels batting - Pitching for Fresno State University Bulldogs : RHP Alex Rojas
|
Batting: RHB Brandon Wilson
|
0-0: Ball 1-0: Called Strike 1-1: Fly out, F9 (Line Drive, 9, EV 96.9 MPH)
|
Batting: RHB Michael Houseman
|
0-0: Ball 1-0: Called Strike 1-1: Swinging Strike 1-2: Strikes out swinging
|
Batting: LHB Juan Alvarado
|
0-0: Ground out 4-3 (Groundball, 34D, EV 96.2 MPH)
|
Bottom of the 7th over - 0 runs, 0 hits, 0 errors, 0 left on base; Fresno State University 7 - University of North Carolina at Chapel Hill 2 |
TOP OF THE 8TH |
Fresno State University Bulldogs batting - Pitching for University of North Carolina at Chapel Hill Tar Heels : RHP Bobby Franco
|
Batting: RHB Tony Nowak
|
0-0: Ball 1-0: Ball 2-0: Ball 3-0: Base on Balls
|
Batting: LHB Moktar Ame
|
0-0: Ball 1-0: Fly out, F9 (Line Drive, 9S, EV 99.4 MPH)
|
Batting: RHB Ryan Roberts
|
0-0: Called Strike 0-1: SINGLE (Groundball, 56D, EV 107.5 MPH) Tony Nowak to second Runner from 2nd tries for 3rd, SAFE, throw by LF made to third
|
Batting: RHB Greg Meyer
|
0-0: Ball 1-0: Called Strike 1-1: Foul Ball, location: 2F 1-2: Foul Ball, location: 2F 1-2: Ball 2-2: Ball 3-2: Fielders Choice at 2nd, 4-6 (Groundball, 4M, EV 86.2 MPH) Tony Nowak scores
|
Batting: RHB Sinfronio Carreon
|
0-0: Called Strike 0-1: Fly out, F8 (Flyball, 89D, EV 90.6 MPH)
|
Top of the 8th over - 1 run, 1 hit, 0 errors, 1 left on base; Fresno State University 8 - University of North Carolina at Chapel Hill 2 |
BOTTOM OF THE 8TH |
University of North Carolina at Chapel Hill Tar Heels batting - Pitching for Fresno State University Bulldogs : RHP Alex Rojas
|
Batting: SHB Ryan Marsh
|
0-0: Ground out 4-3 (Groundball, 4, EV 96.2 MPH)
|
Batting: RHB Bill Atley
|
0-0: Called Strike 0-1: Ball 1-1: Foul Ball, location: 2F 1-2: Ball 2-2: Fly out, F8 (Flyball, 8RD, EV 81.9 MPH)
|
Batting: RHB Jeremy Rollins
|
0-0: Called Strike 0-1: Foul Ball, location: 2F 0-2: Ball 1-2: Ball 2-2: Fly out, F9 (Flyball, 9LSF, EV 95.6 MPH)
|
Bottom of the 8th over - 0 runs, 0 hits, 0 errors, 0 left on base; Fresno State University 8 - University of North Carolina at Chapel Hill 2 |
TOP OF THE 9TH |
Fresno State University Bulldogs batting - Pitching for University of North Carolina at Chapel Hill Tar Heels : RHP Bobby Franco
|
Batting: LHB Ollie Strauss
|
0-0: Called Strike 0-1: Hit by Pitch
|
Pitching: RHP Berry Dow
|
|
Batting: SHB Carlton Stannard
|
0-0: Foul Ball, location: 2F 0-1: Ball 1-1: Ball Ollie Strauss steals 2nd base 2-1: Ball 3-1: Foul Ball, location: 2F 3-2: Fly out, F9 (Flyball, 9D, EV 103.8 MPH) Runner from 2nd tags up, SAFE at 3rd, no throw by RF
|
Batting: RHB Sandy Munoz
|
0-0: Called Strike 0-1: Called Strike 0-2: Strikes out swinging
|
Batting: RHB Danilo Baldia
|
0-0: SINGLE (Groundball, 6MD, EV 103.8 MPH) Ollie Strauss scores
|
Batting: RHB Tony Nowak
|
0-0: Swinging Strike 0-1: Ball 1-1: Swinging Strike 1-2: Fly out, F7 (Flyball, 78M, EV 91.2 MPH)
|
Top of the 9th over - 1 run, 1 hit, 0 errors, 1 left on base; Fresno State University 9 - University of North Carolina at Chapel Hill 2 |
BOTTOM OF THE 9TH |
University of North Carolina at Chapel Hill Tar Heels batting - Pitching for Fresno State University Bulldogs : RHP Alex Rojas
|
Pitching: RHP Brian Travaglio
|
|
Batting: SHB Jim Saxon
|
0-0: Called Strike 0-1: Foul Ball, location: 2F 0-2: Strikes out swinging
|
Batting: SHB Jonathan Barrie
|
0-0: Ball 1-0: Foul Ball, location: 2F 1-1: Ball 2-1: SINGLE (Groundball, 4, EV 97.5 MPH)
|
Batting: RHB Tony Jennings
|
0-0: Called Strike 0-1: Foul Ball, location: 2F 0-2: Strikes out swinging
|
Batting: RHB Brandon Wilson
|
0-0: Ball 1-0: Ground out 1-3 (Groundball, 34S, EV 67.5 MPH)
|
Bottom of the 9th over - 0 runs, 1 hit, 0 errors, 1 left on base; Fresno State University 9 - University of North Carolina at Chapel Hill 2 |
|